 Dungeon Crawl Stone Soup version 0.28-a0-1594-ga885d4b3d6 (webtiles) character file.

Game seed: 10626583502715630365

179 parzival7114810 the Chopper (level 5, -2/46 HPs)
             Began as a Hill Orc Monk on Jan 20, 2022.
             Was a Believer of Beogh.
             Slain by a hound (4 damage)
             ... on level 4 of the Dungeon.
             The game lasted 00:05:13 (3629 turns).

parzival7114810 the Chopper (Hill Orc Monk)         Turns: 3629, Time: 00:05:14

Health: -2/46      AC: 11    Str: 16    XL:     5   Next: 59%
Magic:  5/5        EV:  3    Int: 10    God:    Beogh [**....]
Gold:   150        SH:  7    Dex: 13    Spells: 4/4 levels left

rFire   . . .      SeeInvis .   a - +0 hand axe
rCold   . . .      Faith    .   d - +0 kite shield
rNeg    . . .      Spirit   .   e - +0 plate armour {rPois}
rPois   +          Reflect  .   (no helmet)
rElec   .          Harm     .   (no cloak)
rCorr   .          Rampage  .   (no gloves)
Will    .....                   (no boots)
Stlth   ..........              (no amulet)
HPRegen 0.15/turn               (no ring)
MPRegen 0.09/turn               (no ring)

@: mighty
A: no striking features
a: Renounce Religion, Smiting


You were on level 4 of the Dungeon.
You worshipped Beogh.
Beogh was pleased with you.
You visited 1 branch of the dungeon, and saw 4 of its levels.

You collected 150 gold pieces.

Inventory:

Hand Weapons
 a - a +0 hand axe (weapon)
Missiles
 j - 59 stones (quivered)
Armour
 b - a +0 robe
 c - a +0 ring mail
 d - a +0 kite shield (worn)
 e - a +0 plate armour of poison resistance (worn)
 f - a +0 plate armour
Potions
 g - a potion of cancellation {unknown}
 k - 2 potions of attraction {unknown}


   Skills:
 + Level 4.3 Fighting
 + Level 5.9 Axes
 + Level 2.4 Armour
 + Level 3.0 Dodging
 + Level 1.7 Stealth
 + Level 0.8 Shields
 + Level 0.1 Invocations


You had 4 spell levels left.
You didn't know any spells.
Your spell library contained the following spells:

 Spells                   Type           Power      Damage    Failure   Level
 Gell's Gravitas          Tloc           0%         N/A       100%        3
 Lesser Beckoning         Tloc           0%         N/A       100%        3
 Teleport Other           Tloc           0%         N/A       100%        3


Dungeon Overview and Level Annotations

Branches:
Dungeon (4/15)
 Temple: D:4-7

Altars:

Annotations:
D:3 Sigmund


Message History

It was a potion of magic.
Magic courses through your body. You block the ogre's attack.
It was a potion of might.
You feel very mighty all of a sudden.
The ogre hits you with a +0 giant spiked club.
A hound comes into view.
The hound barks!
You slash the ogre!
The ogre is severely wounded.
The ogre hits you with a +0 giant spiked club!
* * * LOW HITPOINT WARNING * * *
You barely miss the ogre.
The ogre is severely wounded.
The ogre barely misses you.
You hit the ogre.
The ogre is severely wounded.
You block the ogre's attack.
You slash the ogre!
You kill the ogre!
Beogh accepts your kill.
You slash the hound! You block the hound's attack.
Your Armour skill increases to level 2!
You have reached level 5!
You feel stronger.
As you read the scroll labelled XUAHYBL DELIAP, it crumbles to dust.
You feel a surge of unholy energy.
The hound convulses!
The orc priest convulses!
The orc convulses!
It was a scroll of torment.
The hound bites you but does no damage. x2
The hound bites you but does no damage.
Things that are here:
a +0 giant spiked club; an ogre corpse You closely miss the hound.
The hound is severely wounded.
The hound bites you but does no damage. x2
You closely miss the hound.
The hound is severely wounded.
The hound bites you but does no damage.
The hound pauses to sniff the ground.
The hound bites you.
You die...

.>....#..######+###
#........+...###.....#
#........#....###J....
#........#s....###.... #
#........##.....###...
..##........###.$...###..
............#####+#######
...............o.........
#....@......##.....###
#....h................
#..........#..........
#..............>.....#
..#..........#.........#
#...#.........##.....)...#
#................#..##...#
#...#............##..
#...............## ..


You could see a scorpion, a hound and a neutral orc priest (wandering).

Vanquished Creatures
  An ogre (D:4)
  A howler monkey zombie (D:4)
  5 adders
  A worm (D:3)
  2 bats
  5 endoplasms
  3 giant cockroaches (D:2)
  4 hobgoblins
  2 ball pythons
  3 goblins
  5 kobolds
  5 rats
37 creatures vanquished.

Vanquished Creatures (others)
  An orc (D:4)
1 creature vanquished.

Grand Total: 38 creatures vanquished

Notes
Turn   | Place    | Note
-------+----------+-------------------------------------------
     0 | D:1      | parzival7114810 the Hill Orc Monk began the quest for the
                  | Orb.
     0 | D:1      | Reached XP level 1. HP: 19/19 MP: 1/1
   412 | D:1      | Reached XP level 2. HP: 14/27 MP: 2/2
   957 | D:1      | Found a faded altar of an unknown god.
  1292 | D:2      | Reached XP level 3. HP: 21/33 MP: 3/3
  2477 | D:2      | Reached skill level 1 in Armour
  2617 | D:3      | Noticed Sigmund
  2831 | D:3      | Reached skill level 5 in Axes
  2831 | D:3      | Reached XP level 4. HP: 40/40 MP: 4/4
  3220 | D:4      | Became a worshipper of Beogh the Brigand
  3220 | D:4      | Reached * piety under Beogh
  3220 | D:4      | Reached ** piety under Beogh
  3595 | D:4      | Noticed a scorpion
  3603 | D:4      | Noticed an ogre
  3622 | D:4      | HP: 1/40 [ogre (13)]
  3625 | D:4      | Killed an ogre
  3626 | D:4      | Reached XP level 5. HP: 1/46 MP: 5/5
  3629 | D:4      | Slain by a hound

Illustrated notes

Levels and vault maps discovered:
D:1:      heliophobic_arrival_dark_side_of_the_moon, layout_basic,
          shapermc_ecumenical_altar_hornbeckon
D:2:      layout_rooms
D:3:      layout_rooms, mainiacjoe_overflow_alcove_1, uniq_sigmund
D:4:      layout_rooms, serial_shops, shop, ebering_ghost_gozag,
          minmay_quadrilaterals, uniq_blork_the_orc

Skill      XL: |  1  2  3  4 |
---------------+-------------+-----
Fighting       | 4 |  4.3
Armour         | 1 2 |  2.4
Dodging        | 3 |  3.0
Axes           | 5 |  5.9
Stealth        | |  1.7
Shields        | |  0.8
Invocations    | |  0.1

Action                   |  1- 3 |  4- 6 || total
-------------------------+-------+-------++-------
Melee: Hand axe          |   103 |    43 ||   146
Invok: Smiting           |       |     1 ||     1
       Convert to Beogh  |       |     1 ||     1
  Use: Scroll            |     2 |     1 ||     3
       Potion            |       |     2 ||     2
Armor: Ring mail         |     9 |       ||     9
       Robe              |     5 |       ||     5
       Plate armour      |   150 |    36 ||   186
Dodge: Dodged            |    56 |     8 ||    64
Block: Kite shield       |     2 |    25 ||    27

Table legend: (Time is in decaauts)
 A = Elapsed time spent in this place.
 B = Non-inter-level travel time spent in this place.
 C = Inter-level travel time spent in this place.
 D = Time resting spent in this place.
 E = Time spent auto-exploring this place.
 F = Levels seen in this place.
 G = Mean time per level.
                   A        B        C        D        E       F      G
               +--------+--------+--------+--------+--------+-----+--------+
         Total |   3655 |   3638 |     17 |   2061 |    874 |   4 |  913.8 |
       Dungeon |   3655 |   3638 |     17 |   2061 |    874 |   4 |  913.8 |
               +--------+--------+--------+--------+--------+-----+--------+

Top non-repeatable levels by time:
     D:2: 1634 daAuts
     D:1: 1292 daAuts
     D:4: 443 daAuts
     D:3: 284 daAuts
